 Dungeon Crawl Stone Soup version 0.32-a0-898-g7811c86cf0 (webtiles) character file.

Game seed: 6244221902595207038

187 Autsider the Chiller (level 5, 0/39 HPs)
             Began as a Merfolk Ice Elementalist on Apr 4, 2024.
             Slain by a scorpion (6 damage)
             ... on level 4 of the Dungeon.
             The game lasted 00:08:39 (3265 turns).

Autsider the Chiller (Merfolk Ice Elementalist)     Turns: 3265, Time: 00:08:40

Health: 0/39       AC:  5    Str:  5 (8)  XL:     5   Next: 66%
Magic:  1/9        EV: 10    Int: 15 (17) God:
Gold:   198        SH:  0    Dex: 13 (14) Spells: 3/10 levels left

rFire   . . .        n - +1 morningstar
rCold   . . .        (no shield)
rNeg    . . .        d - +0 leather armour
rPois   .            (no helmet)
rElec   .            (no cloak)
rCorr   .            l - +1 pair of gloves
SInv    .            (no boots)
Will    .....        e - amulet of the acrobat
Stlth   ++           (no ring)
HPRegen 0.26/turn    (no ring)
MPRegen 0.11/turn

%: acrobat
@: lethally poisoned (0 -> -6), freezing walls, very slightly contaminated
A: (nimble swimmer 2), mertail
a: no special abilities


You were on level 4 of the Dungeon.
You visited 1 branch of the dungeon, and saw 4 of its levels.

You collected 198 gold pieces.

Inventory:

Hand Weapons
 n - a +1 morningstar (weapon)
Armour
 a - a +0 robe
 d - a +0 leather armour (worn)
 l - a +1 pair of gloves (worn)
Jewellery
 e - an amulet of the acrobat (around neck)
Scrolls
 c - 2 scrolls of fog
Potions
 b - a potion of magic
 f - a potion of attraction
 i - a potion of ambrosia {unknown}
 p - a potion of lignification {unknown}


   Skills:
 + Level 2.4 Fighting
 - Level 2.6 Dodging
 - Level 2.1 Stealth
 - Level 3.0 Spellcasting
 + Level 1.6 Summonings
 * Level 5.8 Ice Magic


You had 3 spell levels left.
You knew the following spells:

 Your Spells              Type           Power      Damage    Failure   Level
a - Freeze                Ice            76%        1d8       3%          1
b - Frozen Ramparts       Ice            38%        1d6       9%          3
A - Summon Ice Beast      Ice/Summ       13%        N/A       22%         3

Your spell library contained the following spells:

 Spells                   Type           Power      Damage    Failure   Level
 Ozocubu's Armour         Ice            19%        N/A       9%          3
 Passage of Golubria      Tloc           2%         N/A       97%         4
 Silence                  Hex/Air        1%         N/A       100%        5
 Lehudib's Crystal Spear  Conj/Erth      1%         10d2      100%        8


Dungeon Overview and Level Annotations

Branches:
Dungeon (4/15)
 Temple: D:4-7

Altars:

Shops:
D:1 [   D:2 =

Annotations:
D:3 1 runed translucent door, Crazy Yiuf


Innate Abilities, Weirdness & Mutations

((You are very nimble when in or above water. (Stealth+, EV+, Speed+++)))
Your lower body shifts to a powerful aquatic tail in water.


Message History

* * * LOW HITPOINT WARNING * * *
Hit: n) +1 morningstar
Press: ? - help, Dir - move target, f/p - scorpion
Aim: a scorpion (severely wounded, about 46% to evade your +1 morningstar)
You barely miss the scorpion.
The scorpion is severely wounded.
The frozen ramparts melt away.
The scorpion closely misses you.
The scorpion stings you but does no damage.
Hit: n) +1 morningstar
Press: ? - help, Dir - move target, f/p - scorpion
Aim: a scorpion (severely wounded, about 46% to evade your +1 morningstar)
You hit the scorpion but do no damage.
The scorpion is severely wounded.
The scorpion completely misses you.
Casting: Frozen Ramparts (dangerous; 7% risk of failure)
Confirm with . or Enter, or press ? or * to list all spells.
Casting: Frozen Ramparts (dangerous; 7% risk of failure)
Press: ? - help, Dir - look around, f - activate You miscast Frozen Ramparts.
You are very lightly contaminated with residual magic.
Nothing appears to happen.
The scorpion completely misses you. The scorpion barely misses you.
Casting: Frozen Ramparts (dangerous; 7% risk of failure)
Confirm with . or Enter, or press ? or * to list all spells.
Casting: Frozen Ramparts (dangerous; 7% risk of failure)
Press: ? - help, Dir - look around, f - activate The walls around you are covered in ice.
The wall freezes the scorpion but does no damage.
The scorpion stings you.
* * * LOW HITPOINT WARNING * * *
You are poisoned.
The scorpion poisons you!
The wall freezes the gnoll.
The gnoll hits you with a +0 club.
* * * LOW HITPOINT WARNING * * *
It was a potion of degeneration.
There was something very wrong with that liquid.
You feel weakened.
You feel dopey.
You feel clumsy.
* * * LOW HITPOINT WARNING * * *
You feel sick.
The wall freezes the scorpion.
The scorpion stings you.
You die...

### ... ##.## ....<####
#....)g@# #[.#>##s# #w##
#.##.# #...# #...)#
#...# ## ##.####..#
#...# ..# .........##
#...#...#
....s.....######...#...#
.o..#.#...#.............
... #..................)


You could see a scorpion and a gnoll.

Vanquished Creatures
  Natasha (D:3)
  Robin (D:3)
  2 gnolls (D:4)
  3 adders
  An orc (D:4)
  3 bats
  4 endoplasms
  4 giant cockroaches
  12 goblins
  13 hobgoblins
  4 jackals (D:1)
  6 quokkas
  3 ball pythons
  5 frilled lizards
  7 kobolds
69 creatures vanquished.

Vanquished Creatures (collateral kills)
  Natasha (D:3)
1 creature vanquished.

Grand Total: 70 creatures vanquished

Notes
Turn   | Place    | Note
-------+----------+-------------------------------------------
     0 | D:1      | Autsider the Merfolk Ice Elementalist began the quest for
                  | the Orb.
     0 | D:1      | Reached XP level 1. HP: 13/13 MP: 3/3
   237 | D:1      | Reached XP level 2. HP: 18/20 MP: 0/5
   688 | D:1      | Reached skill level 1 in Fighting
   887 | D:1      | Found Solatit's Antique Armour Shoppe.
   896 | D:1      | Reached XP level 3. HP: 26/26 MP: 3/6
  1025 | D:1      | Learned a level 3 spell: Summon Ice Beast
  1110 | D:1      | Reached skill level 5 in Ice Magic
  1795 | D:2      | Found Otoseic's Jewellery Emporium.
  2092 | D:3      | Reached XP level 4. HP: 28/32 MP: 3/7
  2156 | D:3      | Noticed Natasha
  2187 | D:3      | Killed Natasha
  2332 | D:3      | Learned a level 3 spell: Frozen Ramparts
  2402 | D:3      | Reached skill level 1 in Summonings
  2655 | D:3      | Noticed Robin
  2670 | D:3      | Killed Robin
  2671 | D:3      | Reached XP level 5. HP: 36/38 MP: 6/9
  2684 | D:3      | Noticed Natasha
  2689 | D:3      | Killed Natasha
  3072 | D:3      | Found a runed translucent door.
  3073 | D:3      | Noticed Crazy Yiuf
  3265 | D:4      | Slain by a scorpion

Illustrated notes

Levels and vault maps discovered:
D:1:      erik_arrival_orb_chamber, layout_basic, serial_shops,
          nicolae_shop_trees
D:2:      layout_basic, serial_shops, nicolae_shop_pleasant_corner_grove
D:3:      layout_loops_ring, minmay_misc_feat_roman, eino_tiny_chamber,
          st_stairs_12, grunt_ministairs_1, uniq_crazy_yiuf_cottage, uniq_robin,
          uniq_natasha
D:4:      layout_loops_cross, portal_sewer_entry_e, uniq_duvessa,
          uniq_blork_the_orc, uniq_eustachio

Skill      XL: |  1  2  3  4  5 |
---------------+----------------+-----
Fighting       | 1 2 |  2.4
Ice Magic      | 5 |  5.8
Summonings     | 1 |  1.6
Spellcasting   | 3 |  3.0
Dodging        | |  2.6
Stealth        | |  2.1

Action                     |  1- 3 |  4- 6 || total
---------------------------+-------+-------++-------
  Melee: Unarmed           |    13 |       ||    13
         Club              |     2 |     2 ||     4
         Morningstar       |       |    57 ||    57
   Cast: Freeze            |    63 |    18 ||    81
         Frozen Ramparts   |       |     5 ||     5
         Summon Ice Beast  |       |     1 ||     1
    Use: Scroll            |       |     7 ||     7
         Potion            |       |     1 ||     1
 Armour: Robe              |     6 |       ||     6
         Leather armour    |    25 |    62 ||    87
  Dodge: Dodged            |    42 |    69 ||   111

Table legend: (Time is in decaauts)
 A = Elapsed time spent in this place.
 B = Non-inter-level travel time spent in this place.
 C = Inter-level travel time spent in this place.
 D = Time resting spent in this place.
 E = Time spent auto-exploring this place.
 F = Levels seen in this place.
 G = Mean time per level.
                   A        B        C        D        E       F      G
               +--------+--------+--------+--------+--------+-----+--------+
         Total |   3294 |   3139 |    155 |     51 |   2423 |   4 |  823.5 |
       Dungeon |   3294 |   3139 |    155 |     51 |   2423 |   4 |  823.5 |
               +--------+--------+--------+--------+--------+-----+--------+

Top non-repeatable levels by time:
     D:1: 1366 daAuts
     D:3: 1167 daAuts
     D:2: 653 daAuts
     D:4: 106 daAuts
